 Dungeon Crawl Stone Soup version 0.20.0-4-g10b340a (webtiles) character file.

196 Lochraine the Poker (level 5, 0/41 HPs)
             Began as a Merfolk Gladiator on May 27, 2017.
             Was an Initiate of Okawaru.
             Killed by divine providence
             ... invoked by an orc priest
              (14 damage)
             ... on level 3 of the Dungeon.
             The game lasted 00:06:35 (2717 turns).

Lochraine the Poker (Merfolk Gladiator)             Turns: 2717, Time: 00:06:36

Health: 0/41       AC: 10    Str: 15    XL:     5   Next: 74%
Magic:  5/5        EV: 20    Int:  7    God:    Okawaru [......]
Gold:   74         SH:  0    Dex: 21    Spells: 4/4 levels left

rFire    . . .     SeeInvis .   a - +0 trident
rCold    + . .     Gourm    +   (no shield)
rNeg     . . .     Faith    .   h - +0 ring mail
rPois    .         Spirit   .   c - +0 helmet
rElec    .         Reflect  .   z - +0 cloak
rCorr    .         Harm     .   r - +1 pair of gloves
MR       .....                  v - +0 pair of boots
Stlth    ++........             w - amulet of the gourmand
Regen    0.2/turn               o - ring of protection from cold (curse)
MPRegen  0.1/turn               (no ring)

@: agile
A: change form in water, swift swim, stealthy swim
a: Renounce Religion


You were on level 3 of the Dungeon.
You worshipped Okawaru.
Okawaru was noncommittal.
You were completely stuffed.

You visited 1 branch of the dungeon, and saw 4 of its levels.

You collected 74 gold pieces.

Inventory:

Hand Weapons
 a - a +0 trident (weapon)
Missiles
 d - 2 throwing nets (quivered) {!f}
 y - 4 tomahawks
Armour
 b - a +0 leather armour
 c - a +0 helmet (worn)
 h - a +0 ring mail (worn)
   (You found it on level 1 of the Dungeon)
 r - a +1 pair of gloves (worn)
   (You found it on level 3 of the Dungeon)
 t - a +0 shield
   (You found it on level 3 of the Dungeon)
 v - a +0 pair of boots (worn)
   (You found it on level 3 of the Dungeon)
 z - a +0 cloak (worn)
   (You found it on level 4 of the Dungeon)
Jewellery
 j - an uncursed amulet of magic regeneration
   (You found it on level 1 of the Dungeon)
 o - a cursed ring of protection from cold (left hand)
   (You found it on level 2 of the Dungeon)
 w - an amulet of the gourmand (around neck)
   (You found it on level 3 of the Dungeon)
Scrolls
 e - a scroll of fear {unknown}
 k - 2 scrolls of teleportation {unknown}
 u - 2 scrolls of remove curse {unknown}
 x - 6 scrolls of identify {@r1}
Potions
 f - a potion of curing {@q1}
 g - a potion of lignification {unknown}
 i - 2 potions of might {unknown}
 m - 2 potions of agility
 n - a potion of mutation {unknown}
 p - a potion of magic {unknown}
 s - a potion of resistance {unknown}
Comestibles
 l - 2 royal jellies
 q - 4 bread rations


   Skills:
 + Level 3.5 Fighting
 * Level 6.8 Polearms
 - Level 2.0 Throwing
 + Level 5.7 Dodging


You had 4 spell levels left.
You didn't know any spells.

Dungeon Overview and Level Annotations

Branches:
Dungeon (4/15)
 Temple: D:4-7

Altars:
Ashenzari
Okawaru
Sif Muna


Message History

The orc priest moves out of view.
You hear some strange, mumbled words.
You are more confused.
Unknown command.
It was a potion of curing.
You feel better. Something hits you but does no damage.
An orc comes into view. It is wielding a dagger.
The orc barely misses you.
The orc priest calls down the wrath of Beogh upon you.
Reactivating autopickup.
You feel a bit more experienced. The orc hits you but does no damage.
The orc shouts!
There is a stone staircase leading up here.
The orc closely misses you.
You climb upwards.
There is a stone staircase leading down here.
You barely miss the orc. The orc misses you.
You puncture the orc!
You kill the orc!
Okawaru accepts your kill.
No target in view!
You climb downwards.
The orc barely misses you.
There is a stone staircase leading up here.
The orc priest closely misses you. The orc closely misses you.
You climb upwards.
There is a stone staircase leading down here.
You closely miss the orc. The orc misses you.
The orc priest hits you with a flail.
Your ring mail prevents you from hitting the orc.
The orc closely misses you.
You hit the orc. The orc priest hits you with a flail!
The orc hits you with a club.
You puncture the orc!
You kill the orc!
Okawaru accepts your kill. The orc priest misses you.
You hit the orc priest. The orc priest barely misses you.
You barely miss the orc priest.
The orc priest calls down the wrath of Beogh upon you.
Beogh smites you!
* * * LOW HITPOINT WARNING * * *
You are too injured to fight recklessly!
You are too injured to fight recklessly!
You are too injured to fight recklessly!
You are too injured to fight recklessly!
You hit the orc priest.
The orc priest calls down the wrath of Beogh upon you.
Beogh smites you!
You die...

######..................)#.
#..............#######.....
#.................####...#(
#..........##..............
#..........#########.....#.
#..........# #.......
#..........# ####.....#.
#........))# #..........
#######..o@# #.###.####(
#.........# #......##..
#....####.# ##.........#
#....# #.# #.........##
#########.#####...........
#.............(.......
#....................#
#....................#
####..#####..........#


You could see an orc priest.

Vanquished Creatures
  An orc priest (D:3)
  A bullfrog skeleton (D:3)
  6 adders
  An ooze (D:3)
  4 worms
  A leopard gecko (D:3)
  4 orcs (D:3)
  3 giant cockroaches (D:2)
  4 goblins
  7 hobgoblins
  4 jackals
  4 kobolds
  2 quokkas
  A ball python (D:1)
  6 bats
  4 frilled lizards
  4 rats (D:3)
57 creatures vanquished.

Vanquished Creatures (others)
  An orc wizard (D:4)
1 creature vanquished.

Grand Total: 58 creatures vanquished

Notes
Turn   | Place    | Note
-------+----------+-------------------------------------------
     0 | D:1      | Lochraine the Merfolk Gladiator began the quest for the Orb.
     0 | D:1      | Reached XP level 1. HP: 16/16 MP: 1/1
   357 | D:1      | Reached XP level 2. HP: 18/23 MP: 2/2
  1044 | D:2      | Reached skill level 5 in Polearms
  1044 | D:2      | Reached XP level 3. HP: 20/28 MP: 3/3
  1645 | D:2      | Reached XP level 4. HP: 35/35 MP: 4/4
  1698 | D:3      | Reached skill level 5 in Dodging
  2169 | D:3      | Reached skill level 6 in Polearms
  2169 | D:3      | Reached XP level 5. HP: 36/41 MP: 5/5
  2569 | D:4      | Found a shattered altar of Ashenzari.
  2569 | D:4      | Found a deep blue altar of Sif Muna.
  2569 | D:4      | Found an iron altar of Okawaru.
  2616 | D:4      | Became a worshipper of Warmaster Okawaru
  2717 | D:3      | Killed from afar by an orc priest

Skill      XL: |  1  2  3  4 |
---------------+-------------+-----
Polearms       | 5 6 |  6.8
Fighting       | 3 |  3.5
Dodging        | 5 |  5.7
Throwing       | |  2.0

Action                   |  1- 3 |  4- 6 || total
-------------------------+-------+-------++-------
Melee: Trident           |   118 |   154 ||   272
Throw: Throwing net      |     3 |       ||     3
  Use: Scroll            |     4 |     1 ||     5
       Potion            |       |     2 ||     2
 Stab: Held in net/web   |     2 |       ||     2
  Eat: Chunk             |     2 |    19 ||    21
Armor: Leather armour    |    10 |       ||    10
       Ring mail         |    11 |    28 ||    39
Dodge: Dodged            |    62 |    87 ||   149
